 Dungeon Crawl Stone Soup version 0.30-a0-726-gd89dcf765f (webtiles) character file.

Game seed: 2954272869117200765

2405 browni3141 the Geomancer (level 9, -10/65 HPs)
             Began as a Human Earth Elementalist on Jan 29, 2023.
             Was a Follower of Kikubaaqudgha.
             Mangled by a wyvern (15 damage)
             ... on level 7 of the Dungeon.
             The game lasted 00:10:32 (7015 turns).

browni3141 the Geomancer (Human Earth Elementalist) Turns: 7015, Time: 00:10:33

Health: -10/65     AC:  8    Str:  8    XL:     9   Next: 75%
Magic:  8/12       EV: 13    Int: 18    God:    Kikubaaqudgha [*.....]
Gold:   251        SH:  0    Dex: 14    Spells: 2/12 levels left

rFire   . . .      SeeInvis .    p - +2 short sword (venom)
rCold   . . .      Faith    .    (no shield)
rNeg    . . .      Spirit   .    a - +0 robe
rPois   +          Reflect  .    (no helmet)
rElec   +          Harm     +    (no cloak)
rCorr   .          Rampage  .    C - +5 pair of gloves "Uhery" {Harm *Slow rElec Int-2}
Will    +....                    (no boots)
Stlth   +++                      (no amulet)
HPRegen 0.30/turn                e - ring of willpower
MPRegen 0.13/turn                n - ring of poison resistance

@: no status effects
A: no striking features
a: Renounce Religion, Unearth Wretches


You were on level 7 of the Dungeon.
You worshipped Kikubaaqudgha.
Kikubaaqudgha was aware of your devotion.
You visited 1 branch of the dungeon, and saw 7 of its levels.

You collected 251 gold pieces.

Inventory:

Hand Weapons
 p - a +2 short sword of venom (weapon)
Armour
 a - a +0 robe (worn)
 C - the +5 pair of gloves "Uhery" (worn) {Harm *Slow rElec Int-2}
   (You found it on level 5 of the Dungeon)

   Int:       It affects your intelligence (-2).
   rElec:     It insulates you from electricity.
   *Slow:     It may slow you when you take damage.
   Harm:      It increases damage dealt and taken.
Jewellery
 e - a ring of willpower (left hand)
 j - a ring of positive energy
 n - a ring of poison resistance (right hand)
Wands
 s - a wand of quicksilver (6)
 t - a wand of iceblast (5)
 v - a wand of flame (15)
 F - a wand of digging (7)
Scrolls
 c - 2 scrolls of fog {unknown}
 g - 3 scrolls of enchant armour
 h - 3 scrolls of enchant weapon
 k - 2 scrolls of amnesia
 l - 3 scrolls of noise
 m - a scroll of immolation
 q - 3 scrolls of teleportation
 r - 3 scrolls of vulnerability {unknown}
 u - a scroll of fear {unknown}
 w - a scroll of brand weapon {unknown}
 y - a scroll of poison {unknown}
 A - a scroll of silence {unknown}
 D - a scroll of summoning {unknown}
 E - a scroll of identify
 H - a scroll of magic mapping {unknown}
Potions
 b - a potion of magic
 d - 3 potions of curing {unknown}
 f - 3 potions of cancellation {unknown}
 i - 2 potions of lignification {unknown}
 o - 3 potions of flight {unknown}
 x - a potion of might {unknown}
 z - 2 potions of brilliance {unknown}
 B - a potion of berserk rage {unknown}
 G - a potion of heal wounds {unknown}
 I - 2 potions of attraction {unknown}


   Skills:
 - Level 4.0 Fighting
 - Level 3.0 Short Blades
 - Level 4.0 Dodging
 - Level 5.0 Stealth
 * Level 2.2 Spellcasting
 - Level 3.0 Conjurations
 * Level 1.0 Necromancy
 - Level 4.0 Transmutations
 - Level 8.0 Earth Magic
 - Level 3.0 Evocations


You had 2 spell levels left.
You knew the following spells:

 Your Spells              Type           Power      Damage    Failure   Level
a - Sandblast             Erth           60%        2d14      1%          1
b - Passwall              Tmut/Erth      19%        N/A       2%          2
c - Stone Arrow           Conj/Erth      42%        3d9       5%          3
d - Petrify               Tmut/Erth      23%        N/A       16%         4

Your spell library contained the following spells:

 Spells                   Type           Power      Damage    Failure   Level
 Necrotise                Necr           20%        1d5       12%         1
 Sublimation of Blood     Necr           5%         N/A       17%         2
 Summon Small Mammal      Summ           8%         N/A       19%         1
 Vampiric Draining        Necr           5%         2d6       34%         3
 Call Canine Familiar     Summ           2%         N/A       47%         3
 Portal Projectile        Hex/Tloc       4%         N/A       47%         3
 Summon Guardian Golem    Hex/Summ       2%         N/A       47%         3
 Tukima's Dance           Hex            2%         N/A       47%         3
 Blade Hands              Tmut           8%         N/A       67%         5
 Animate Dead             Necr           5%         N/A       75%         4
 Passage of Golubria      Tloc           2%         N/A       87%         4
 Summon Ice Beast         Ice/Summ       2%         N/A       87%         4
 Yara's Violent Unravell  Hex/Tmut       4%         3d4       91%         5
 Summon Mana Viper        Hex/Summ       2%         N/A       99%         5
 Monstrous Menagerie      Summ           1%         N/A       100%        7


Dungeon Overview and Level Annotations

Branches:
Dungeon (7/15)             Temple (0/1) D:5

Altars:
Kikubaaqudgha
Ru
Trog
Yredelemnul

Shops:
D:4 (

Annotations:
D:7 1 runed translucent door, soul19's ghost, novice TrFi


Message History

You hit the orc.
The orc looks as sick as possible!
The orc is almost dead.
You kill the orc!
Kikubaaqudgha accepts your kill.
A wyvern comes into view.
Things that are here:
a +0 whip; a boomerang
Okay, then.
Aiming: Quicksilver Bolt
Press: ? - help, Shift-Dir - straight line, f - wyvern
Aim: a wyvern (74% to hit)
Okay, then.
Okay, then.
Casting: Sandblast (safe; 1% risk of failure)
Confirm with . or Enter, or press ? or * to list all spells.
Okay, then.
Unknown command.
Items here: )) [[.
The wyvern attacks as you move away! The wyvern closely misses you.
The wyvern bites you! The wyvern bites you!
The wyvern attacks as you move away! The wyvern closely misses you.
The wyvern barely misses you. The wyvern attacks as you move away!
The wyvern bites you! The wyvern bites you!
Casting: Sandblast (safe; 1% risk of failure)
Confirm with . or Enter, or press ? or * to list all spells.
Aiming: Passwall (safe; 2% risk of failure)
Press: ? - help, Dir - move target A rock wall.
The wyvern closely misses you. The wyvern bites you!
* * * LOW HITPOINT WARNING * * *
You begin to meditate on the wall.
You continue meditating on the rock.
The wyvern barely misses you.
You continue meditating on the rock.
The wyvern bites you.
* * * LOW HITPOINT WARNING * * *
The wyvern bites you!
You die...
Kikubaaqudgha rasps: "You have failed me!
Welcome... death!"

.......#.# #.# ########.# #.#
..... #.####.# #.#.# ## #.#....#
#<#.# .. #.#.####.#...## .#
#........#....## .#
########..........#...# ###.#
..........#########†#.###.#.#.###
................@l.C....)))......
#.......#.###########.###)#.#....
#.#####.#.#....# #..##.#.# .#
#.#...#.#.#....### ##.##.#.#
#.#.#.#.#.#......#####.##.###
#.#.#............#........#
#.#.###.#.##.....'........#
#.....#.#.##.....#....##.##
###.#.#.#.#......###### .#


You could see a cyclops and a wyvern.

Vanquished Creatures
  A two-headed ogre (D:6)
  A water moccasin (D:7)
  Duvessa (D:5)
  2 sky beasts (D:6)
  A black bear (D:5)
  An ogre (D:5)
  An orc warrior (D:7)
  A centaur (D:5)
  3 scorpions
  3 wights
  Dowan (D:5)
  A howler monkey (D:5)
  A hound (D:4)
  2 jellies (D:6)
  An orc priest (D:6)
  4 iguanas (D:5)
  2 orc wizards
  Natasha (thrice) (D:4)
  12 adders
  2 shadow imps
  An ufetubus (D:5)
  2 worms (D:2)
  A dart slug (D:2)
  15 orcs
  4 bats
  6 endoplasms
  4 goblins
  6 hobgoblins
  4 kobolds
  3 quokkas
  7 ball pythons
  4 rats
  A spectral orc (D:5)
102 creatures vanquished.

Vanquished Creatures (others)
  Sigmund (D:5)
1 creature vanquished.

Grand Total: 103 creatures vanquished

Notes
Turn   | Place    | Note
-------+----------+-------------------------------------------
     0 | D:1      | browni3141 the Human Earth Elementalist began the quest for
                  | the Orb.
     0 | D:1      | Reached XP level 1. HP: 13/13 MP: 3/3
    38 | D:1      | Reached skill level 1 in Fighting
   121 | D:1      | Reached XP level 2. HP: 21/21 MP: 3/5
   567 | D:1      | Learned a level 2 spell: Passwall
   772 | D:2      | Reached XP level 3. HP: 16/27 MP: 2/6
   939 | D:2      | Reached XP level 4. HP: 33/33 MP: 5/7
  1276 | D:2      | Reached skill level 4 in Earth Magic
  2175 | D:3      | Reached XP level 5. HP: 38/38 MP: 5/8
  2807 | D:4      | Found an ancient bone altar of Kikubaaqudgha.
  2823 | D:4      | Became a worshipper of Kikubaaqudgha
  2884 | D:4      | Found Guomi's Antique Weapon Shoppe.
  2975 | D:4      | Noticed Natasha
  2984 | D:4      | Killed Natasha
  2985 | D:4      | Reached XP level 6. HP: 43/47 MP: 7/9
  3017 | D:4      | Noticed Natasha
  3021 | D:4      | Killed Natasha
  3155 | D:4      | Reached skill level 1 in Short Blades
  3314 | D:4      | Noticed Natasha
  3333 | D:4      | Killed Natasha
  3468 | D:4      | Found a bloodstained altar of Trog.
  3845 | D:5      | Entered Level 5 of the Dungeon
  3857 | D:5      | Noticed Sigmund
  3859 | D:5      | Killed Sigmund
  3860 | D:5      | Reached XP level 7. HP: 53/53 MP: 10/10
  4039 | D:5      | Reached skill level 1 in Evocations
  4168 | D:5      | Noticed Dowan
  4244 | D:5      | Noticed Duvessa
  4254 | D:5      | Killed Duvessa
  4254 | D:5      | Killed Dowan
  4255 | D:5      | Reached XP level 8. HP: 50/60 MP: 9/11
  4311 | D:5      | Found a staircase to the Ecumenical Temple.
  4509 | D:5      | Reached skill level 5 in Stealth
  4513 | D:5      | Learned a level 3 spell: Stone Arrow
  4666 | D:5      | Identified the +5 pair of gloves "Uhery" {Harm *Slow rElec
                  | Int-2}
  4718 | D:5      | Reached skill level 1 in Conjurations
  5096 | D:5      | Found a basalt altar of Yredelemnul.
  5227 | D:5      | Found a sacrificial altar of Ru.
  5369 | D:6      | Reached skill level 5 in Earth Magic
  5507 | D:6      | Noticed a two-headed ogre
  5752 | D:5      | Learned a level 4 spell: Petrify
  5970 | D:6      | Reached XP level 9. HP: 58/65 MP: 9/12
  6301 | D:6      | Killed a two-headed ogre
  6302 | D:6      | Reached skill level 7 in Earth Magic
  6718 | D:7      | Found a runed translucent door.
  6718 | D:7      | Noticed soul19's ghost (novice TrFi)
  6962 | D:7      | Reached * piety under Kikubaaqudgha
  6962 | D:7      | Received a gift from Kikubaaqudgha
  6963 | D:7      | Reached skill level 8 in Earth Magic
  6998 | D:7      | Reached skill level 1 in Necromancy
  7000 | D:7      | Noticed a cyclops
  7015 | D:7      | Mangled by a wyvern

Illustrated notes

Levels and vault maps discovered:
D:1:      minmay_arrival_shoal_huts, layout_rooms, minmay_misc_feat_room
D:2:      layout_basic, grunt_ministairs_8
D:3:      layout_loops_corners
D:4:      layout_loops_ring, mainiacjoe_overflow_six_doors_small,
          amcnicky_altar_gilded, serial_shops, nicolae_shop_window_shopping,
          item_on_display_a, uniq_natasha
D:5:      layout_gridville, nicolae_ru_path_of_blood,
          yredelemnul_forgotten_temple_becter, temple_pool_b,
          minmay_fractal_squares_gapless_5, uniq_sigmund, uniq_duvessa
D:6:      layout_gridville
D:7:      cheibrodos_wizards_tower, layout_basic,
          hellmonk_ghost_happy_afterlife, amethyst_killhole

Skill      XL: |  1  2  3  4  5  6  7  8  9 |
---------------+----------------------------+-----
Fighting       | 1 2 3 4 |  4.0
Transmutations | 2 4 |  4.0
Earth Magic    | 4 5 8 |  8.0
Dodging        | 3 4 |  4.0
Short Blades   | 1 3 |  3.0
Stealth        | 3 5 |  5.0
Evocations     | 2 3 |  3.0
Conjurations   | 3 |  3.0
Necromancy     | 1 |  1.0
Spellcasting   | |  2.2

Action                     |  1- 3 |  4- 6 |  7- 9 || total
---------------------------+-------+-------+-------++-------
  Melee: Unarmed           |     6 |       |       ||     6
         Short sword       |       |    43 |    80 ||   123
   Cast: Sandblast         |    32 |    40 |    64 ||   136
         Stone Arrow       |       |       |     2 ||     2
         Passwall          |       |       |     1 ||     1
         Petrify           |       |       |     1 ||     1
  Evoke: Wand              |       |     2 |     7 ||     9
    Use: Scroll            |     2 |     4 |       ||     6
   Stab: Sleeping          |       |     4 |     5 ||     9
         Petrified         |       |       |     2 ||     2
 Armour: Robe              |     3 |     9 |    26 ||    38
  Dodge: Dodged            |    11 |    36 |    60 ||   107

Table legend: (Time is in decaauts)
 A = Elapsed time spent in this place.
 B = Non-inter-level travel time spent in this place.
 C = Inter-level travel time spent in this place.
 D = Time resting spent in this place.
 E = Time spent auto-exploring this place.
 F = Levels seen in this place.
 G = Mean time per level.
                   A        B        C        D        E       F      G
               +--------+--------+--------+--------+--------+-----+--------+
         Total |   7070 |   6676 |    394 |    241 |   5512 |   7 | 1010.0 |
       Dungeon |   7070 |   6676 |    394 |    241 |   5512 |   7 | 1010.0 |
               +--------+--------+--------+--------+--------+-----+--------+

Top non-repeatable levels by time:
     D:5: 1727 daAuts
     D:4: 1212 daAuts
     D:6: 1133 daAuts
     D:2: 1090 daAuts
     D:3: 935 daAuts
     D:1: 638 daAuts
     D:7: 331 daAuts
